| TOP OF THE 1ST |
|
Columbus Clippers batting - Pitching for Norfolk Tides : RHP Chris Anderson
|
|
Pitching: RHP Chris Anderson
|
|
|
Batting: LHB Stu Sornson
|
0-0: Ball 1-0: Ball 2-0: Swinging Strike 2-1: SINGLE (Line Drive, 56D, EV 103.8 MPH)
|
|
Batting: RHB Jason Sher
|
0-0: Called Strike Stu Sornson is caught stealing 2nd base 2-4 0-1: Foul Ball, location: 2F 0-2: Foul Ball, location: 2F 0-2: Ball 1-2: Ball 2-2: Foul Ball, location: 2F 2-2: Ball 3-2: Base on Balls
|
|
Batting: RHB Hiroshige Yamada
|
0-0: Ball 1-0: Ball 2-0: Foul Ball, location: 2F 2-1: Swinging Strike 2-2: Ball 3-2: Strikes out swinging
|
|
Batting: LHB Costodio Varino
|
0-0: Ball 1-0: Ball 2-0: Foul Ball, location: 2F 2-1: Ground out 1-3 (Groundball, 13S, EV 66.2 MPH)
|
| Top of the 1st over - 0 runs, 1 hit, 0 errors, 1 left on base; Columbus 0 - Norfolk 0 |
| BOTTOM OF THE 1ST |
|
Norfolk Tides batting - Pitching for Columbus Clippers : RHP Jason Greene
|
|
Pitching: RHP Jason Greene
|
|
|
Batting: RHB Bobby Scholl
|
0-0: Swinging Strike 0-1: Ball 1-1: Ball 2-1: Swinging Strike 2-2: Foul Ball, location: 2F 2-2: Fly out, F7 (Flyball, 7S, EV 95.6 MPH)
|
|
Batting: LHB Tyler Allen
|
0-0: Ball 1-0: Ground out 4-3 (Groundball, 4, EV 87.5 MPH)
|
|
Batting: RHB Kory Sanchez
|
0-0: Ball 1-0: Ground out 6-3 (Groundball, 6, EV 84.4 MPH)
|
| Bottom of the 1st over - 0 runs, 0 hits, 0 errors, 0 left on base; Columbus 0 - Norfolk 0 |
| TOP OF THE 2ND |
|
Columbus Clippers batting - Pitching for Norfolk Tides : RHP Chris Anderson
|
|
Batting: LHB Robert Watson
|
0-0: Ball 1-0: Ball 2-0: Called Strike 2-1: Ball 3-1: Ground out 6-3 (Groundball, 6M, EV 101.9 MPH)
|
|
Batting: LHB Jack Bell
|
0-0: Called Strike 0-1: Foul Ball, location: 2F 0-2: Ball 1-2: Strikes out swinging
|
|
Batting: RHB Stephen Charbonneau
|
0-0: Ball 1-0: Swinging Strike 1-1: Ball 2-1: Ball 3-1: Swinging Strike 3-2: Strikes out swinging
|
| Top of the 2nd over - 0 runs, 0 hits, 0 errors, 0 left on base; Columbus 0 - Norfolk 0 |
| BOTTOM OF THE 2ND |
|
Norfolk Tides batting - Pitching for Columbus Clippers : RHP Jason Greene
|
|
Batting: RHB Muneer Maudad
|
0-0: Called Strike 0-1: Swinging Strike 0-2: Strikes out looking
|
|
Batting: LHB Wes Goscinski
|
0-0: Foul Ball, location: 2F 0-1: Foul Ball, location: 2F 0-2: Ground out 5-3 (Groundball, 5, EV 88.1 MPH)
|
|
Batting: RHB Mario Saez
|
0-0: Ball 1-0: Ball 2-0: Called Strike 2-1: SINGLE (Groundball, 56S, EV 68.8 MPH) (infield hit)
|
|
Batting: SHB Ben Pierce
|
0-0: Fly out, F8 (Flyball, 8RD, EV 91.2 MPH)
|
| Bottom of the 2nd over - 0 runs, 1 hit, 0 errors, 1 left on base; Columbus 0 - Norfolk 0 |
| TOP OF THE 3RD |
|
Columbus Clippers batting - Pitching for Norfolk Tides : RHP Chris Anderson
|
|
Batting: SHB Dan Hill
|
0-0: Ball 1-0: Called Strike 1-1: Called Strike 1-2: Ball 2-2: Ball 3-2: Reached on error, E3 (Groundball, 34, EV 105.6 MPH)
|
|
Batting: SHB Scott Scott
|
0-0: Grounds into double play, 4-6-3 (Groundball, 4, EV 88.1 MPH)
|
|
Batting: LHB Stu Sornson
|
0-0: Ball 1-0: Ball 2-0: SINGLE (Flyball, 9LS, EV 95.0 MPH)
|
|
Batting: RHB Jason Sher
|
0-0: Ball 1-0: Called Strike 1-1: Called Strike 1-2: Strikes out looking
|
| Top of the 3rd over - 0 runs, 1 hit, 1 error, 1 left on base; Columbus 0 - Norfolk 0 |
| BOTTOM OF THE 3RD |
|
Norfolk Tides batting - Pitching for Columbus Clippers : RHP Jason Greene
|
|
Batting: RHB Travis Carter
|
0-0: Foul Ball, location: 2F 0-1: Called Strike 0-2: Foul Ball, location: 2F 0-2: Ball 1-2: Strikes out swinging
|
|
Batting: RHB Andy Bridger
|
0-0: Foul Ball, location: 2F 0-1: Fly out, F8 (Flyball, 78M, EV 90.6 MPH)
|
|
Batting: RHB Bobby Scholl
|
0-0: Ball 1-0: Called Strike 1-1: Ball 2-1: SINGLE (Groundball, 4S, EV 75.0 MPH) (infield hit)
|
|
Batting: LHB Tyler Allen
|
0-0: SINGLE (Groundball, 56D, EV 105.0 MPH) Bobby Scholl to second
|
|
Batting: RHB Kory Sanchez
|
0-0: Fly out, F9 (Flyball, 89S, EV 90.0 MPH)
|
| Bottom of the 3rd over - 0 runs, 2 hits, 0 errors, 2 left on base; Columbus 0 - Norfolk 0 |
| TOP OF THE 4TH |
|
Columbus Clippers batting - Pitching for Norfolk Tides : RHP Chris Anderson
|
|
Batting: RHB Hiroshige Yamada
|
0-0: Ball 1-0: Ball 2-0: Called Strike 2-1: Called Strike 2-2: Strikes out swinging, 2-3 out at first.
|
|
Batting: LHB Costodio Varino
|
0-0: Called Strike 0-1: Swinging Strike 0-2: Foul Ball, location: 2F 0-2: Ball 1-2: Ball 2-2: Foul Ball, location: 2F 2-2: Fly out, F7 (Flyball, 78M, EV 78.8 MPH)
|
|
Batting: LHB Robert Watson
|
0-0: Called Strike 0-1: Swinging Strike 0-2: Ground out 4-3 (Groundball, 4, EV 105.0 MPH)
|
| Top of the 4th over - 0 runs, 0 hits, 0 errors, 0 left on base; Columbus 0 - Norfolk 0 |
| BOTTOM OF THE 4TH |
|
Norfolk Tides batting - Pitching for Columbus Clippers : RHP Jason Greene
|
|
Batting: RHB Muneer Maudad
|
0-0: Ball 1-0: Called Strike 1-1: Swinging Strike 1-2: DOUBLE (Line Drive, 7LS, EV 99.4 MPH)
|
|
Batting: LHB Wes Goscinski
|
0-0: Ball 1-0: Called Strike 1-1: Fly out, F4 (Flyball, 3D, EV 89.4 MPH)
|
|
Batting: RHB Mario Saez
|
0-0: Called Strike 0-1: Ball Wild Pitch! Muneer Maudad to third 1-1: Ball 2-1: Ball 3-1: Base on Balls
|
|
Batting: SHB Ben Pierce
|
0-0: Ball 1-0: SINGLE (Groundball, 34, EV 84.4 MPH) (infield hit) Muneer Maudad scores Mario Saez to second
|
|
Batting: RHB Travis Carter
|
0-0: Ball 1-0: Called Strike 1-1: Fly out, F7 (Flyball, 7, EV 83.1 MPH)
|
|
Batting: RHB Andy Bridger
|
0-0: Ball 1-0: Ball 2-0: Ground out U3 (Groundball, 34S, EV 93.1 MPH)
|
| Bottom of the 4th over - 1 run, 2 hits, 0 errors, 2 left on base; Columbus 0 - Norfolk 1 |
| TOP OF THE 5TH |
|
Columbus Clippers batting - Pitching for Norfolk Tides : RHP Chris Anderson
|
|
Batting: LHB Jack Bell
|
0-0: Ball 1-0: Swinging Strike 1-1: Ball 2-1: Ball 3-1: Base on Balls
|
|
Batting: RHB Stephen Charbonneau
|
0-0: Ball Jack Bell steals 2nd base 1-0: Called Strike 1-1: Foul Ball, location: 2F 1-2: Ball 2-2: Strikes out swinging
|
|
Batting: SHB Dan Hill
|
0-0: Ball 1-0: Ball 2-0: Foul Ball, location: 2F 2-1: Ball 3-1: Fly out, F7 (Line Drive, 7D, EV 104.4 MPH)
|
|
Batting: SHB Scott Scott
|
0-0: Foul Ball, location: 2F 0-1: Ball 1-1: Foul Ball, location: 2F 1-2: Strikes out swinging
|
| Top of the 5th over - 0 runs, 0 hits, 0 errors, 1 left on base; Columbus 0 - Norfolk 1 |
| BOTTOM OF THE 5TH |
|
Norfolk Tides batting - Pitching for Columbus Clippers : RHP Jason Greene
|
|
Batting: RHB Bobby Scholl
|
0-0: Foul Ball, location: 2F 0-1: Ball 1-1: Swinging Strike 1-2: Ball 2-2: Ball 3-2: Ground out U3 (Groundball, 34, EV 77.5 MPH)
|
|
Batting: LHB Tyler Allen
|
0-0: Fly out, F6 (Line Drive, 6D, EV 68.1 MPH)
|
|
Batting: RHB Kory Sanchez
|
0-0: Ball 1-0: Ground out 6-3 (Groundball, 56, EV 99.4 MPH)
|
| Bottom of the 5th over - 0 runs, 0 hits, 0 errors, 0 left on base; Columbus 0 - Norfolk 1 |
| TOP OF THE 6TH |
|
Columbus Clippers batting - Pitching for Norfolk Tides : RHP Chris Anderson
|
|
Batting: LHB Stu Sornson
|
0-0: Foul Ball, location: 2F 0-1: Called Strike 0-2: Ball 1-2: Strikes out looking
|
|
Batting: RHB Jason Sher
|
0-0: Called Strike 0-1: Foul Ball, location: 2F 0-2: Ball 1-2: Fly out, F3 (Line Drive, 34, EV 66.9 MPH)
|
|
Batting: RHB Hiroshige Yamada
|
0-0: Ball 1-0: Ball 2-0: Foul Ball, location: 2F 2-1: Fly out, F8 (Flyball, 78M, EV 84.4 MPH)
|
| Top of the 6th over - 0 runs, 0 hits, 0 errors, 0 left on base; Columbus 0 - Norfolk 1 |
| BOTTOM OF THE 6TH |
|
Norfolk Tides batting - Pitching for Columbus Clippers : RHP Jason Greene
|
|
Batting: RHB Muneer Maudad
|
0-0: Ball 1-0: Ground out 6-3 (Groundball, 6M, EV 100.0 MPH)
|
|
Batting: LHB Wes Goscinski
|
0-0: Called Strike 0-1: Ball 1-1: Fly out, F8 (Flyball, 8LM, EV 80.6 MPH)
|
|
Batting: RHB Mario Saez
|
0-0: SOLO HOME RUN (Line Drive, 78XD, EV 101.9 MPH), Distance : 398 ft
|
|
Batting: SHB Ben Pierce
|
0-0: Ground out 6-3 (Groundball, 4MS, EV 81.9 MPH)
|
| Bottom of the 6th over - 1 run, 1 hit, 0 errors, 0 left on base; Columbus 0 - Norfolk 2 |
| TOP OF THE 7TH |
|
Columbus Clippers batting - Pitching for Norfolk Tides : RHP Chris Anderson
|
|
Pitching: RHP Ryan Hemmerich
|
|
|
Batting: LHB Costodio Varino
|
0-0: Ball 1-0: Called Strike 1-1: Fly out, F6 (Line Drive, 6MD, EV 75.0 MPH)
|
|
Batting: LHB Robert Watson
|
0-0: Ball 1-0: Ball 2-0: Foul Ball, location: 2F 2-1: Fly out, F5 (Popup, 5D, EV 60.6 MPH)
|
|
Batting: LHB Jack Bell
|
0-0: Swinging Strike 0-1: Fly out, F8 (Flyball, 78M, EV 82.5 MPH)
|
| Top of the 7th over - 0 runs, 0 hits, 0 errors, 0 left on base; Columbus 0 - Norfolk 2 |
| BOTTOM OF THE 7TH |
|
Norfolk Tides batting - Pitching for Columbus Clippers : RHP Jason Greene
|
|
Batting: RHB Travis Carter
|
0-0: Ball 1-0: Foul Ball, location: 2F 1-1: Called Strike 1-2: Ball 2-2: Foul Ball, location: 2F 2-2: Ball 3-2: SINGLE (Groundball, 56D, EV 103.8 MPH)
|
|
Batting: RHB Andy Bridger
|
0-0: Ball 1-0: Ball 2-0: SINGLE (Line Drive, 3D, EV 95.6 MPH) Travis Carter to second Runner from 2nd tries for 3rd, OUT! 9-5
|
|
Batting: RHB Bobby Scholl
|
0-0: Called Strike 0-1: Foul Ball, location: 2F 0-2: Ball 1-2: SINGLE (Groundball, 6MD, EV 100.0 MPH) Andy Bridger to second Andy Bridger to third
|
|
Batting: LHB Tyler Allen
|
0-0: Foul Ball, location: 2F 0-1: Ball 1-1: Fielders Choice at 2nd, 6-4 (Groundball, 6M, EV 79.4 MPH) Andy Bridger scores
|
|
Batting: RHB Kory Sanchez
|
0-0: Fielders Choice at 2nd, 5-4 (Groundball, 56, EV 77.5 MPH)
|
| Bottom of the 7th over - 1 run, 3 hits, 0 errors, 1 left on base; Columbus 0 - Norfolk 3 |
| TOP OF THE 8TH |
|
Columbus Clippers batting - Pitching for Norfolk Tides : RHP Ryan Hemmerich
|
|
Now at 2B: Brian Bentz
|
|
|
Batting: RHB Stephen Charbonneau
|
0-0: Called Strike 0-1: Swinging Strike 0-2: SINGLE (Groundball, 25, EV 70.6 MPH) (infield hit)
|
|
Batting: SHB Dan Hill
|
0-0: Ball 1-0: Called Strike 1-1: Ball 2-1: Foul Ball, location: 2F 2-2: Strikes out swinging
|
|
Batting: SHB Scott Scott
|
0-0: Ball 1-0: Ball 2-0: Ball 3-0: Base on Balls Stephen Charbonneau to second
|
|
Batting: LHB Stu Sornson
|
0-0: Ball 1-0: Ball 2-0: Ball 3-0: Called Strike 3-1: Foul Ball, location: 2F 3-2: SINGLE (Groundball, 4D, EV 102.5 MPH) Stephen Charbonneau to third Scott Scott to second
|
|
Pinch Hitting: LHB Corey Trevor
|
0-0: Fly out, F8 (Flyball, 8LXD, EV 97.5 MPH) Runner from 3rd tags up, SCORES, no throw by CF Scott Scott to third
|
|
Pinch Hitting: LHB Jim Keefe
|
0-0: Called Strike 0-1: Ball 1-1: Foul Ball, location: 2F 1-2: Ball 2-2: Ball 3-2: Foul Ball, location: 2F 3-2: Fly out, F9 (Flyball, 9, EV 96.2 MPH)
|
| Top of the 8th over - 1 run, 2 hits, 0 errors, 2 left on base; Columbus 1 - Norfolk 3 |
| BOTTOM OF THE 8TH |
|
Norfolk Tides batting - Pitching for Columbus Clippers : RHP Jason Greene
|
|
Now at C: Jim Keefe
|
|
|
Now at 1B: Gabe White
|
|
|
Batting: RHB Muneer Maudad
|
0-0: Called Strike 0-1: Ball 1-1: Swinging Strike 1-2: Strikes out looking
|
|
Batting: LHB Wes Goscinski
|
0-0: Ball 1-0: Foul Ball, location: 2F 1-1: Ball 2-1: Called Strike 2-2: Foul Ball, location: 2F 2-2: Foul Ball, location: 2F 2-2: Strikes out looking
|
|
Batting: RHB Mario Saez
|
0-0: Swinging Strike 0-1: Called Strike 0-2: Ball 1-2: Ball 2-2: Foul Ball, location: 2F 2-2: Fly out, F7 (Flyball, 7, EV 88.1 MPH)
|
| Bottom of the 8th over - 0 runs, 0 hits, 0 errors, 0 left on base; Columbus 1 - Norfolk 3 |
| TOP OF THE 9TH |
|
Columbus Clippers batting - Pitching for Norfolk Tides : RHP Ryan Hemmerich
|
|
Pitching: RHP Brent Widder
|
|
|
Now at 1B: Pat Shaddock
|
|
|
Now in LF: James Betron
|
|
|
Batting: LHB Costodio Varino
|
0-0: Swinging Strike 0-1: Ball 1-1: Ball 2-1: Ball 3-1: Base on Balls
|
|
Batting: LHB Robert Watson
|
0-0: Foul Ball, location: 2F 0-1: Ball 1-1: Ball 2-1: Foul Ball, location: 2F 2-2: Ball 3-2: Foul Ball, location: 2F 3-2: SINGLE (Groundball, 56D, EV 109.4 MPH) Costodio Varino to second
|
|
Batting: LHB Jack Bell
|
0-0: Called Strike 0-1: Ball 1-1: Foul Ball, location: 2F 1-2: Ball 2-2: Strikes out swinging
|
|
Pinch Hitting: LHB Jesus Lozano
|
0-0: Called Strike 0-1: Foul Ball, location: 2F 0-2: Foul Ball, location: 2F 0-2: Foul Ball, location: 2F 0-2: Hit by Pitch Costodio Varino to third Robert Watson to second
|
|
Batting: SHB Dan Hill
|
0-0: SINGLE (Groundball, 34, EV 103.8 MPH) Costodio Varino scores Robert Watson to third Jesus Lozano to second Runner from 3rd tries for Home, SAFE, throw by RF to home
|
|
Batting: SHB Scott Scott
|
0-0: Called Strike 0-1: Ball 1-1: Foul Ball, location: 2F 1-2: Foul Ball, location: 2F 1-2: Foul Ball, location: 2F 1-2: Foul Ball, location: 2F 1-2: Ball 2-2: Ball 3-2: Fly out, F7 (Flyball, 7LMF, EV 86.2 MPH)
|
|
Batting: LHB Stu Sornson
|
0-0: Fly out, F8 (Flyball, 8RD, EV 85.0 MPH)
|
| Top of the 9th over - 2 runs, 2 hits, 0 errors, 2 left on base; Columbus 3 - Norfolk 3 |
| BOTTOM OF THE 9TH |
|
Norfolk Tides batting - Pitching for Columbus Clippers : RHP Jason Greene
|
|
Now at 2B: Jesus Lozano
|
|
|
Now at SS: Scott Scott
|
|
|
Batting: SHB Ben Pierce
|
0-0: Called Strike 0-1: Ball 1-1: Ground out 4-3 (Groundball, 34, EV 107.5 MPH)
|
|
Batting: SHB Brian Bentz
|
0-0: Ball 1-0: Ball 2-0: Called Strike 2-1: Ball 3-1: Base on Balls
|
|
Pinch Hitting: RHB Ashton Holloway
|
0-0: Ball 1-0: Called Strike 1-1: Fly out, F2 (Popup, 23F, EV 91.2 MPH)
|
|
Pitching: LHP Mitch Lewis
|
|
|
Batting: RHB Bobby Scholl
|
0-0: Called Strike 0-1: Called Strike 0-2: Foul Ball, location: 2F 0-2: Ball 1-2: Ball 2-2: Foul Ball, location: 2F 2-2: Strikes out swinging
|
| Bottom of the 9th over - 0 runs, 0 hits, 0 errors, 1 left on base; Columbus 3 - Norfolk 3 |
| TOP OF THE 10TH |
|
Columbus Clippers batting - Pitching for Norfolk Tides : RHP Brent Widder
|
|
Pitching: RHP Corey Rizzuto
|
|
|
Now at 3B: Bobby Melillo
|
|
|
Batting: LHB Gabe White
|
0-0: Foul Ball, location: 2F 0-1: Ball 1-1: Ball 2-1: Ball 3-1: Base on Balls
|
|
Batting: LHB Jim Keefe
|
0-0: Ball Gabe White steals 2nd base (no throw) 1-0: Ball 2-0: Swinging Strike 2-1: Called Strike 2-2: Strikes out swinging
|
|
Batting: LHB Costodio Varino
|
0-0: Fly out, F7 (Flyball, 7D, EV 107.5 MPH) Runner from 2nd tags up, SAFE at 3rd with throw by LF
|
|
Batting: LHB Robert Watson
|
0-0: Foul Ball, location: 2F 0-1: Called Strike 0-2: Strikes out swinging
|
| Top of the 10th over - 0 runs, 0 hits, 0 errors, 1 left on base; Columbus 3 - Norfolk 3 |
| BOTTOM OF THE 10TH |
|
Norfolk Tides batting - Pitching for Columbus Clippers : LHP Mitch Lewis
|
|
Pitching: RHP Chris Cohen
|
|
|
Batting: LHB Tyler Allen
|
0-0: Foul Ball, location: 2F 0-1: Ball 1-1: Foul Ball, location: 2F 1-2: Ground out 4-3 (Groundball, 4, EV 100.6 MPH)
|
|
Batting: RHB Kory Sanchez
|
0-0: Swinging Strike 0-1: Ball 1-1: Foul Ball, location: 2F 1-2: Strikes out looking
|
|
Batting: LHB Pat Shaddock
|
0-0: SINGLE (Groundball, 6MD, EV 100.6 MPH) (infield hit)
|
|
Batting: LHB James Betron
|
0-0: Ball Pat Shaddock steals 2nd base 1-0: Ball 2-0: Ball 3-0: Base on Balls
|
|
Batting: RHB Mario Saez
|
0-0: Swinging Strike 0-1: Swinging Strike 0-2: Strikes out looking
|
| Bottom of the 10th over - 0 runs, 1 hit, 0 errors, 2 left on base; Columbus 3 - Norfolk 3 |
| TOP OF THE 11TH |
|
Columbus Clippers batting - Pitching for Norfolk Tides : RHP Corey Rizzuto
|
|
Batting: LHB Jack Bell
|
0-0: Called Strike 0-1: Foul Ball, location: 2F 0-2: Foul Ball, location: 2F 0-2: Ball 1-2: Ground out 4-3 (Groundball, 4, EV 79.4 MPH)
|
|
Batting: LHB Jesus Lozano
|
0-0: Called Strike 0-1: Ball 1-1: Ball 2-1: Ball 3-1: Ground out U3 (Groundball, 34, EV 90.6 MPH)
|
|
Batting: SHB Dan Hill
|
0-0: Ball 1-0: Foul Ball, location: 2F 1-1: Ball 2-1: Ball 3-1: Base on Balls
|
|
Batting: SHB Scott Scott
|
0-0: Ball 1-0: Ball 2-0: Ball 3-0: Called Strike 3-1: DOUBLE (Line Drive, 7LM, EV 101.9 MPH) Dan Hill to third
|
|
Batting: LHB Stu Sornson
|
0-0: Called Strike 0-1: Foul Ball, location: 2F 0-2: Foul Ball, location: 2F 0-2: Strikes out looking
|
| Top of the 11th over - 0 runs, 1 hit, 0 errors, 2 left on base; Columbus 3 - Norfolk 3 |
| BOTTOM OF THE 11TH |
|
Norfolk Tides batting - Pitching for Columbus Clippers : RHP Chris Cohen
|
|
Batting: SHB Ben Pierce
|
0-0: Swinging Strike 0-1: Ball 1-1: Foul Ball, location: 2F 1-2: Ball 2-2: Foul Ball, location: 2F 2-2: Fly out, F7 (Flyball, 7, EV 86.2 MPH)
|
|
Batting: SHB Brian Bentz
|
0-0: Swinging Strike 0-1: Ball 1-1: Ball 2-1: Called Strike 2-2: Strikes out swinging
|
|
Batting: RHB Bobby Melillo
|
0-0: Ball 1-0: Ball 2-0: Ball 3-0: Called Strike 3-1: Ground out 4-3 (Groundball, 4, EV 103.1 MPH)
|
| Bottom of the 11th over - 0 runs, 0 hits, 0 errors, 0 left on base; Columbus 3 - Norfolk 3 |
| TOP OF THE 12TH |
|
Columbus Clippers batting - Pitching for Norfolk Tides : RHP Corey Rizzuto
|
|
Pitching: LHP Juan Becerra
|
|
|
Pinch Hitting: RHB Chang-wei Jiang
|
0-0: Ball 1-0: Called Strike 1-1: Foul Ball, location: 2F 1-2: Foul Ball, location: 2F 1-2: Foul Ball, location: 2F 1-2: SINGLE (Groundball, 6MD, EV 95.6 MPH)
|
|
Pinch Hitting: RHB Eddie LaRose
|
0-0: Fly out, F7 (Line Drive, 7, EV 93.8 MPH)
|
|
Batting: RHB Josh Hoeye
|
0-0: Ball 1-0: Called Strike 1-1: Ball 2-1: Ball 3-1: Swinging Strike 3-2: Fielders Choice at 2nd, 5-4 (Groundball, 5, EV 109.4 MPH)
|
|
Pinch Hitting: SHB Justin Veatch
|
0-0: Ball 1-0: Foul Ball, location: 2F 1-1: DOUBLE (Line Drive, 9LS, EV 110.6 MPH) Josh Hoeye to third Runner from 3rd tries for Home, SAFE, throw by RF to home
|
|
Batting: LHB Jack Bell
|
0-0: Ball 1-0: Ball 2-0: Called Strike 2-1: Ball 3-1: Fly out, F7 (Flyball, 7S, EV 78.8 MPH)
|
| Top of the 12th over - 1 run, 2 hits, 0 errors, 1 left on base; Columbus 4 - Norfolk 3 |
| BOTTOM OF THE 12TH |
|
Norfolk Tides batting - Pitching for Columbus Clippers : RHP Chris Cohen
|
|
Pitching: RHP Andy Coats
|
|
|
Now at C: Justin Veatch
|
|
|
Now at 1B: Eddie LaRose
|
|
|
Now in RF: Tyler Babbitt
|
|
|
Batting: RHB Bobby Scholl
|
0-0: Foul Ball, location: 2F 0-1: Ball 1-1: Ball 2-1: Foul Ball, location: 2F 2-2: SINGLE (Groundball, 6MD, EV 107.5 MPH)
|
|
Batting: LHB Tyler Allen
|
0-0: Ball 1-0: Bunted foul 1-1: Bunt missed! 1-2: Foul Ball, location: 2F 1-2: Ground out 5-3 (Groundball, 6S, EV 81.2 MPH) Bobby Scholl to second
|
|
Batting: RHB Kory Sanchez
|
0-0: Swinging Strike 0-1: Ball 1-1: Swinging Strike 1-2: Ball 2-2: Foul Ball, location: 2F 2-2: SINGLE (Groundball, 4MD, EV 97.5 MPH) Bobby Scholl to third Runner from 3rd tries for Home, SAFE, throw by CF to home Kory Sanchez to second
|
|
Batting: LHB Pat Shaddock
|
0-0: Intentional Walk
|
|
Pinch Runner at 2nd Danny Baeza:
|
|
|
Batting: LHB James Betron
|
0-0: Swinging Strike 0-1: Foul Ball, location: 2F 0-2: Foul Ball, location: 2F 0-2: Ball 1-2: Fly out, F8 (Flyball, 78M, EV 89.4 MPH)
|
|
Batting: RHB Mario Saez
|
0-0: Foul Ball, location: 2F 0-1: Foul Ball, location: 2F 0-2: Foul Ball, location: 2F 0-2: Foul Ball, location: 2F 0-2: Ball 1-2: Fly out, F5 (Popup, 5F, EV 76.2 MPH)
|
| Bottom of the 12th over - 1 run, 2 hits, 0 errors, 2 left on base; Columbus 4 - Norfolk 4 |
| TOP OF THE 13TH |
|
Columbus Clippers batting - Pitching for Norfolk Tides : LHP Juan Becerra
|
|
Now at C: Adam Swimmer
|
|
|
Batting: LHB Jesus Lozano
|
0-0: Called Strike 0-1: Swinging Strike 0-2: Foul Ball, location: 2F 0-2: Strikes out looking
|
|
Batting: SHB Dan Hill
|
0-0: Called Strike 0-1: Swinging Strike 0-2: Ball 1-2: SINGLE (Flyball, 3D, EV 92.5 MPH)
|
|
Batting: SHB Scott Scott
|
0-0: Called Strike 0-1: Ball 1-1: Swinging Strike 1-2: Ball 2-2: Strikes out swinging
|
|
Batting: LHB Stu Sornson
|
0-0: Ball 1-0: Foul Ball, location: 2F 1-1: Fly out, F8 (Flyball, 8LM, EV 83.8 MPH)
|
| Top of the 13th over - 0 runs, 1 hit, 0 errors, 1 left on base; Columbus 4 - Norfolk 4 |
| BOTTOM OF THE 13TH |
|
Norfolk Tides batting - Pitching for Columbus Clippers : RHP Andy Coats
|
|
Batting: SHB Ben Pierce
|
0-0: Ball 1-0: Called Strike 1-1: Foul Ball, location: 2F 1-2: Strikes out looking
|
|
Batting: SHB Brian Bentz
|
0-0: Foul Ball, location: 2F 0-1: Ball 1-1: Swinging Strike 1-2: Ball 2-2: Foul Ball, location: 2F 2-2: Foul Ball, location: 2F 2-2: Ball 3-2: Foul Ball, location: 2F 3-2: SINGLE (Groundball, 6M, EV 86.9 MPH) (infield hit)
|
|
Batting: RHB Bobby Melillo
|
0-0: Ball 1-0: Sac Bunt to P - play at first, batter OUT! 1-3 Brian Bentz to second
|
|
Batting: RHB Bobby Scholl
|
0-0: Intentional Walk
|
|
Batting: LHB Tyler Allen
|
0-0: Ground out 4-3 (Groundball, 4, EV 105.6 MPH)
|
| Bottom of the 13th over - 0 runs, 1 hit, 0 errors, 2 left on base; Columbus 4 - Norfolk 4 |
| TOP OF THE 14TH |
|
Columbus Clippers batting - Pitching for Norfolk Tides : LHP Juan Becerra
|
|
Batting: LHB Tyler Babbitt
|
0-0: Ball 1-0: Swinging Strike 1-1: Fly out, F9 (Flyball, 9, EV 91.2 MPH)
|
|
Batting: RHB Eddie LaRose
|
0-0: Ball 1-0: Foul Ball, location: 2F 1-1: Hit by Pitch
|
|
Batting: RHB Josh Hoeye
|
0-0: Foul Ball, location: 2F 0-1: Ball 1-1: Ball 2-1: Foul Ball, location: 2F 2-2: Strikes out looking
|
|
Batting: SHB Justin Veatch
|
0-0: Ball 1-0: Ball 2-0: Ball 3-0: Called Strike 3-1: Fly out, F7 (Flyball, 78M, EV 91.9 MPH)
|
| Top of the 14th over - 0 runs, 0 hits, 0 errors, 1 left on base; Columbus 4 - Norfolk 4 |
| BOTTOM OF THE 14TH |
|
Norfolk Tides batting - Pitching for Columbus Clippers : RHP Andy Coats
|
|
Batting: RHB Adam Swimmer
|
0-0: Ball 1-0: Ball 2-0: Swinging Strike 2-1: Foul Ball, location: 2F 2-2: Strikes out swinging
|
|
Batting: LHB Pat Shaddock
|
0-0: Called Strike 0-1: SOLO HOME RUN (Flyball, 7LD, EV 94.4 MPH), Distance : 361 ft
|
| Bottom of the 14th over - 1 run, 1 hit, 0 errors, 0 left on base; Columbus 4 - Norfolk 5 |
|